 Dungeon Crawl Stone Soup version 0.31-a0-564-g3b7de120b3 (webtiles) character file.

Game seed: 9535168409362767384

6685 heikuro the Blocker (level 11, -3/87 HPs)
             Began as a Formicid Fighter on Aug 18, 2023.
             Was an Initiate of Gozag.
             Slain by a catoblepas (13 damage)
             ... while petrified by a catoblepas
             ... on level 12 of the Dungeon.
             The game lasted 00:25:15 (9641 turns).

heikuro the Blocker (Formicid Fighter)              Turns: 9641, Time: 00:25:15

Health: -3/87      AC: 12    Str: 26    XL:     11   Next: 23%
Magic:  11/11      EV:  2    Int:  7    God:    Gozag
Gold:   1317       SH:  0    Dex: 13    Spells: 10/10 levels left

rFire   + + .        a - +0 war axe
rCold   x . .        E - +0 kite shield
rNeg    + + +        l - +0 fire dragon scales
rPois   ∞            (helmet unavailable)
rElec   .            p - scarf {+Inv}
rCorr   .            (no gloves)
SInv    +            C - +0 pair of boots
Will    +....        (no amulet) Stlth
                     r - ring of poison resistance
HPRegen 0.34/turn    x - +4 ring of slaying
MPRegen 0.12/turn

%: no passive effects
@: petrified
A: permanent stasis, dig shafts and tunnels, antennae 3, four strong arms
a: Dig, Shaft Self, Renounce Religion, Evoke Invisibility, Potion Petition, Call
Merchant, Bribe Branch


You were on level 12 of the Dungeon.
You worshipped Gozag.
Gozag was most pleased with you.
You visited 2 branches of the dungeon, and saw 11 of its levels.

You collected 1365 gold pieces.
You paid 48 gold pieces to Gozag.

Inventory:

Hand Weapons
 a - a +0 war axe (weapon)
 b - a +3 dagger of draining
 q - a +0 halberd
Missiles
 y - 5 curare-tipped darts (quivered)
Armour
 l - +0 fire dragon scales (worn)
 p - a scarf of invisibility (worn)
 z - a +0 cloak
 C - a +0 pair of boots (worn)
 E - a +0 kite shield (worn)
Jewellery
 r - a ring of poison resistance (left hand)
 x - a +4 ring of slaying (right hand)
Wands
 o - a wand of iceblast (7)
 s - a wand of flame (37)
 u - a wand of polymorph (24)
Scrolls
 e - 2 scrolls of enchant armour {unknown}
 f - 4 scrolls of immolation {unknown}
 g - 2 scrolls of vulnerability {unknown}
 i - 2 scrolls of noise {unknown}
 k - 3 scrolls of fear {unknown}
 m - 3 scrolls of teleportation {unknown}
 n - 3 scrolls of poison
 B - 2 scrolls of blinking {unknown}
 D - a scroll of brand weapon {unknown}
Potions
 d - 2 potions of might
 h - a potion of resistance
 j - 2 potions of cancellation
 t - 3 potions of enlightenment
 v - 2 potions of heal wounds {unknown}
 w - a potion of lignification {unknown}
 A - 2 potions of magic {unknown}


   Skills:
 + Level 8.9 Fighting
 + Level 7.8 Axes
 + Level 8.9 Armour
 + Level 10.6 Shields
 + Level 7.3 Evocations


You had 10 spell levels left.
You didn't know any spells.
Your spell library contained the following spells:

 Spells                   Type           Power      Damage    Failure   Level
 Apportation              Tloc           0%         N/A       88%         1
 Freeze                   Ice            0%         1d3       88%         1
 Necrotise                Necr           0%         1d4       88%         1
 Summon Small Mammal      Summ           0%         N/A       88%         1
 Frozen Ramparts          Ice            0%         1d1       99%         3
 Hailstorm                Conj/Ice       0%         3d3       99%         3
 Portal Projectile        Hex/Tloc       0%         N/A       99%         3
 Tukima's Dance           Hex            0%         N/A       99%         3
 Vampiric Draining        Necr           0%         2d6       99%         3
 Volatile Blastmotes      Fire/Tloc      0%         2d10      99%         3
 Fulminant Prism          Conj/Hex       0%         3d5       100%        4
 Iskenderun's Mystic Bla  Conj/Tloc      0%         2d3       100%        4
 Agony                    Necr           0%         N/A       100%        5


Dungeon Overview and Level Annotations

Branches:
Dungeon (9/15)             Temple (1/1) D:4
   Lair: D:8-11         Orc: D:9-12

Altars:
Ashenzari
Cheibriados
Dithmenos
Fedhas
Gozag
Hepliaklqana
Kikubaaqudgha
Makhleb
Nemelex Xobeh
Okawaru
Qazlal
Sif Muna
Trog
Vehumet
Wu Jian
Xom
Zin
The Shining One

Annotations:
D:8 Maurice


Innate Abilities, Weirdness & Mutations

You cannot be hasted, slowed, berserked, paralysed or teleported.
You can dig through walls and to a lower floor.
You have a pair of large antennae on your head. (SInv)
Your four strong arms can wield two-handed weapons with a shield.


Message History

You hit the catoblepas but do no damage.
The catoblepas breathes a plume of calcifying dust at you.
The blast of calcifying dust hits you but does no damage.
The catoblepas closely misses you.
You hit the catoblepas but do no damage.
The catoblepas gores you.
The boulder beetle leaps!
You hit the catoblepas.
The catoblepas is lightly wounded.
The catoblepas breathes a plume of calcifying dust at you.
The blast of calcifying dust hits you. The catoblepas gores you!
The catoblepas breathes a plume of calcifying dust at you.
The blast of calcifying dust hits you but does no damage.
You hit the catoblepas.
The catoblepas is lightly wounded.
You are engulfed in calcifying dust.
You are slowing down.
The catoblepas barely misses you.
Unknown command.
The catoblepas attacks as you move away!
The catoblepas gores you!!
Your limbs are stiffening.
You hit the catoblepas.
The catoblepas is lightly wounded.
The catoblepas gores you!!
The catoblepas breathes a plume of calcifying dust at you.
The blast of calcifying dust hits you!
The boulder beetle leaps!
You have turned to stone.
You are engulfed in calcifying dust.
The catoblepas gores you!
* * * LOW HITPOINT WARNING * * *
You are engulfed in calcifying dust.
The catoblepas gores you but does no damage.
You are engulfed in calcifying dust.
The boulder beetle seems less drained.
The catoblepas gores you but does no damage.
You are engulfed in calcifying dust.
The catoblepas completely misses you. The catoblepas gores you!!
* * * LOW HITPOINT WARNING * * *
The catoblepas gores you.
* * * LOW HITPOINT WARNING * * *
The catoblepas gores you!!
You die...
Your body crumbles into a pile of gold.

##########
#........#
#........#
#........# .
#........# ...
#........##....
#..@...........
#..YB....##
####.#####
#.### #...#
#...#
..Y...°........
......{...####.
....##....#


You could see a catoblepas and a boulder beetle.

Vanquished Creatures
  2 two-headed ogres
  Maggie (D:7)
  A troll (D:8)
  Grinder (D:5)
  7 yaks
  A wyvern (D:9)
  A steam dragon (D:7)
  A vampire mosquito (D:8)
  Menkaure (D:4)
  2 water moccasins
  3 black bears
  2 orc warriors
  3 ice beasts
  A centaur (D:7)
  2 phantoms
  5 kobold brigands
  2 bullfrogs (D:7)
  2 gnoll sergeants
  4 killer bees
  3 howler monkeys
  7 hounds
  A jelly (D:7)
  A gnoll bouda (D:8)
  3 orc priests
  2 sleepcaps
  Jessica (D:3)
  Ijyb (D:3)
  5 iguanas
  10 orc wizards
  9 adders
  13 gnolls
  A shadow imp (D:6)
  3 white imps
  An ufetubus (D:5)
  2 worms
  2 dart slugs
  25 orcs
  7 ball pythons
  6 bats
  5 endoplasms
  8 giant cockroaches
  10 goblins
  10 hobgoblins
  13 jackals
  29 kobolds
  5 quokkas
  2 frilled lizards
  8 rats
235 creatures vanquished.

Notes
Turn   | Place    | Note
-------+----------+-------------------------------------------
     0 | D:1      | heikuro the Formicid Fighter began the quest for the Orb.
     0 | D:1      | Reached XP level 1. HP: 18/18 MP: 1/1
    34 | D:1      | Reached XP level 2. HP: 14/24 MP: 2/2
   163 | D:1      | Reached XP level 3. HP: 24/29 MP: 3/3
   771 | D:2      | Reached XP level 4. HP: 37/37 MP: 4/4
  1053 | D:2      | Reached XP level 5. HP: 42/42 MP: 5/5
  1136 | D:2      | Reached skill level 5 in Shields
  1769 | D:3      | Noticed Ijyb
  1784 | D:3      | Killed Ijyb
  1909 | D:3      | Reached XP level 6. HP: 14/49 MP: 6/6
  2098 | D:3      | Noticed Jessica
  2129 | D:3      | Killed Jessica
  2268 | D:3      | Found a faded altar of an unknown god.
  2643 | D:4      | Noticed a black bear
  2851 | D:4      | Found a staircase to the Ecumenical Temple.
  2861 | Temple   | Entered the Ecumenical Temple
  2878 | Temple   | Became a worshipper of Gozag Ym Sagoz the Greedy
  2939 | D:4      | Reached XP level 7. HP: 53/55 MP: 7/7
  3031 | D:4      | Reached skill level 5 in Armour
  3038 | D:4      | Reached skill level 5 in Fighting
  3044 | D:4      | Reached skill level 6 in Shields
  3044 | D:4      | Reached skill level 1 in Evocations
  3135 | D:4      | Noticed Menkaure
  3147 | D:4      | Killed Menkaure
  3365 | D:5      | Entered Level 5 of the Dungeon
  3442 | D:5      | Noticed Grinder
  3476 | D:4      | Reached XP level 8. HP: 54/63 MP: 8/8
  3787 | D:5      | Killed Grinder
  3788 | D:5      | Reached skill level 7 in Shields
  4334 | D:5      | Found a glowing silver altar of Zin.
  4696 | D:5      | Reached skill level 5 in Axes
  5056 | D:6      | Reached XP level 9. HP: 58/69 MP: 9/9
  5338 | D:6      | Reached skill level 8 in Shields
  5346 | D:6      | Noticed a two-headed ogre
  5384 | D:6      | You fall into a shaft and drop 2 floors!
  5552 | D:8      | Identified the +2 dagger "Xokkup" {heavy, rC+ SInv}
  5688 | D:7      | Found a stormy altar of Qazlal.
  5978 | D:8      | Reached skill level 5 in Evocations
  6317 | D:7      | Reached XP level 10. HP: 66/79 MP: 10/10
  6552 | D:6      | Found a hazy altar of Hepliaklqana.
  6743 | D:6      | Killed a two-headed ogre
  6744 | D:6      | Reached skill level 9 in Shields
  7065 | D:6      | Found an iron altar of Okawaru.
  7186 | D:6      | Found an ornate altar of the Wu Jian Council.
  7728 | D:7      | Noticed Maggie
  7740 | D:7      | Killed Maggie
  8190 | D:8      | Noticed a purple ugly thing
  8190 | D:8      | Noticed Maurice
  8605 | D:8      | Reached skill level 10 in Shields
  8611 | D:8      | HP: 3/82 [gnoll sergeant/+0 spear (4)]
  8996 | D:9      | Found a radiant altar of Vehumet.
  9094 | D:9      | Reached XP level 11. HP: 73/87 MP: 11/11
  9133 | D:9      | Noticed a two-headed ogre
  9156 | D:9      | Killed a two-headed ogre
  9480 | D:9      | You fall into a shaft and drop 3 floors!
  9603 | D:12     | Noticed a boulder beetle
  9616 | D:12     | Noticed a catoblepas
  9641 | D:12     | Slain by a catoblepas

Illustrated notes

Levels and vault maps discovered:
D:1:      grunt_arrival_lava_bath, layout_rooms, minmay_parallelograms
D:2:      kb_forest_paths, layout_basic, serial_rivers,
          chequers_serial_rivers_room_a, chequers_serial_rivers_large_a,
          chequers_serial_rivers_micro_c, chequers_serial_rivers_small_b,
          chequers_serial_rivers_large_b, nicolae_twisty_statue_hallways
D:3:      layout_rooms, basic_ecumenical_altar, minmay_goblin_outpost,
          uniq_ijyb, uniq_jessica
D:4:      layout_rooms, minmay_temple_entry_slanted,
          nicolae_concentric_dashed_squares_wild, uniq_menkaure
D:5:      layout_layer_cave, zin_statuary, uniq_grinder
D:6:      cheibrodos_thug_alley, layout_basic, nzn_hepliaklqana_mist_gate,
          marbit_many_paths, mainiacjoe_overflow_brackets,
          serial_co_window_serial, co_window_paths_a,
          co_window_of_opportunity_a, co_window_paths_a, co_window_cross_1,
          co_window_corner_a, co_window_paths_c, co_window_paths_c,
          co_window_corner_b, co_window_broadway_a, co_window_paths_d,
          co_window_paths_e, glass_columns_a, glass_columns_a
D:7:      layout_rooms, nicolae_qazlal_general_emergency, grunt_tough_drop,
          uniq_maggie
D:8:      minmay_diamond_stairs, layout_loops_corners, eino_tiny_chamber,
          minmay_misc_feat_encased, kennysheep_cluttered_room,
          uniq_prince_ribbit1, uniq_grum, uniq_maurice
D:9:      nicolae_cairo_tiling_large_dashed, layout_cross,
          mainiacjoe_overflow_six_doors_small, kennysheep_mini_moat,
          nicolae_ru_great_annihilating_truth, serial_shops, shop,
          shop_fountains
D:12:     minmay_chambers_of_sixes, layout_rooms, grunt_gozag_statues
Temple:   nicolae_temple_ecumenical_triangle

Skill      XL: |  1  2  3  4  5  6  7  8  9 10 11 |
---------------+----------------------------------+-----
Fighting       | 4 5 6 7 8 |  8.9
Armour         | 4 5 6 7 8 |  8.9
Shields        | 5 6 7 8 10 | 10.6
Axes           | 3 4 5 6 7 |  7.8
Evocations     | 2 3 5 6 7 |  7.3

Action                     |  1- 3 |  4- 6 |  7- 9 | 10-12 || total
---------------------------+-------+-------+-------+-------++-------
  Melee: War axe           |    32 |       |    61 |    69 ||   162
         Dagger            |    40 |   237 |   331 |   187 ||   795
         Halberd           |       |     3 |       |       ||     3
  Throw: Dart              |       |       |       |     8 ||     8
Ability: Shaft Self        |       |       |     1 |     1 ||     2
    Use: Scroll            |       |     3 |     1 |     1 ||     5
         Potion            |       |       |     3 |     1 ||     4
   Stab: Distracted        |       |     1 |     1 |       ||     2
 Armour: Scale mail        |    23 |       |       |       ||    23
         Fire dragon scale |       |   142 |   197 |   131 ||   470
  Dodge: Dodged            |    29 |   104 |   164 |   120 ||   417
  Block: Buckler           |    22 |    63 |   100 |    54 ||   239
         Kite shield       |       |       |       |    56 ||    56

Table legend: (Time is in decaauts)
 A = Elapsed time spent in this place.
 B = Non-inter-level travel time spent in this place.
 C = Inter-level travel time spent in this place.
 D = Time resting spent in this place.
 E = Time spent auto-exploring this place.
 F = Levels seen in this place.
 G = Mean time per level.
                   A        B        C        D        E       F      G
               +--------+--------+--------+--------+--------+-----+--------+
         Total |   9748 |   9336 |    412 |   1928 |   4718 |  11 |  886.2 |
       Dungeon |   9723 |   9311 |    412 |   1928 |   4718 |  10 |  972.3 |
        Temple |     24 |     24 |      0 |      0 |      0 |   1 |   24.0 |
               +--------+--------+--------+--------+--------+-----+--------+

Top non-repeatable levels by time:
     D:6: 1761 daAuts
     D:5: 1413 daAuts
     D:8: 1354 daAuts
     D:2: 1314 daAuts
     D:7: 881 daAuts
     D:4: 792 daAuts
     D:3: 727 daAuts
     D:9: 683 daAuts
     D:1: 631 daAuts
    D:12: 162 daAuts
  Temple: 24 daAuts
